 Dungeon Crawl Stone Soup version 0.28-a0-384-g9e0c098162 (webtiles) character file.

Game seed: 18215147153870156857

9 willcat the Magician (level 2, -9/15 HPs)
             Began as a Deep Elf Air Elementalist on Sept 2, 2021.
             Mangled by an ogre (24 damage)
             ... on level 2 of the Dungeon.
             The game lasted 00:00:52 (158 turns).

willcat the Magician (Deep Elf Air Elementalist)     Turns: 158, Time: 00:00:53

Health: -9/15      AC:  2    Str:  5    XL:     2   Next: 6%
Magic:  6/8        EV: 12    Int: 19    God:
Gold:   0          SH:  0    Dex: 15    Spells: 6/7 levels left

rFire   . . .      SeeInvis .   b - +0 spear
rCold   . . .      Faith    .   (no shield)
rNeg    . . .      Spirit   .   a - +0 robe
rPois   .          Reflect  .   (no helmet)
rElec   .          Harm     .   (no cloak)
rCorr   .          Rampage  .   (no gloves)
Will    .....                   (no boots)
Stlth   ++........              (no amulet)
HPRegen 0.05/turn               (no ring)
MPRegen 0.11/turn               (no ring)

@: no status effects
A: no striking features
a: no special abilities


You were on level 2 of the Dungeon.
You visited 1 branch of the dungeon, and saw 2 of its levels.

Inventory:

Hand Weapons
 b - a +0 spear (weapon)
Armour
 a - a +0 robe (worn)


   Skills:
 - Level 2.4 Dodging
 - Level 2.4 Stealth
 + Level 3.3 Spellcasting
 + Level 1.6 Conjurations
 + Level 3.2 Air Magic


You had 6 spell levels left.
You knew the following spells:

 Your Spells              Type           Power      Damage    Failure   Level
a - Shock                 Conj/Air       48%        1d6       5%          1

Your spell library contained the following spells:

 Spells                   Type           Power      Damage    Failure   Level
 Static Discharge         Conj/Air       12%        N/A       9%          2
 Swiftness                Air            15%        N/A       12%         3
 Airstrike                Air            7%         N/A       36%         4


Dungeon Overview and Level Annotations

Branches:
Dungeon (2/15)

Altars:


Message History

Press: ? - help, Shift-Dir - straight line The zap hits the ogre.
The ogre is moderately wounded.
The ogre shouts!
The zap hits the ogre.
The ogre is moderately wounded.
A hobgoblin comes into view.
Unknown command.
The hobgoblin shouts!
Casting: Shock (safe; 5% risk of failure)
Confirm with . or Enter, or press ? or * to list all spells.
Aiming: Shock (safe; 5% risk of failure)
Press: ? - help, Shift-Dir - straight line, f - ogre
Aim: an ogre, wielding a +0 giant club (moderately wounded, 85% to hit)
Okay, then.
Casting: Shock (safe; 5% risk of failure)
Confirm with . or Enter, or press ? or * to list all spells.
Aiming: Shock (safe; 5% risk of failure)
Press: ? - help, Shift-Dir - straight line The zap hits the ogre.
The ogre is heavily wounded.
The zap hits the ogre.
The ogre is heavily wounded.
Unknown command.
Unknown command.
Casting: Shock (safe; 5% risk of failure)
Confirm with . or Enter, or press ? or * to list all spells.
Aiming: Shock (safe; 5% risk of failure)
Press: ? - help, Shift-Dir - straight line The zap hits the ogre.
The ogre is severely wounded.
The zap hits the hobgoblin.
The hobgoblin is moderately wounded.
The zap hits the hobgoblin.
The hobgoblin is severely wounded.
The zap hits the ogre.
The ogre is almost dead.
The ogre hits you with a +0 giant club!!
Ouch! That really hurt!
You die...

.####.#≈.≈≈...#
.####^...≈≈≈..### #.#
......≈..≈≈≈....# #.##
.#####..≈≈≈≈≈##.# #.. #
.# #≈≈.≈≈≈.##.###.#
##.# .#
#.≈.≈≈..##.##..####.#.#
.# #...≈≈.≈##.##..#..
... .#
#...≈≈..##.##..#.##.#
.. ..≈.≈≈.....@Og.#.#.#
## ≈.≈.≈..##.####...##
≈≈≈. #.# ##.## .≈≈ ..#
#.# .≈ #### #.# . #g#
#.# ... ###


You could see an ogre and a hobgoblin.

Vanquished Creatures
  An adder (D:2)
  A rat (D:2)
2 creatures vanquished.

Notes
Turn   | Place    | Note
-------+----------+-------------------------------------------
     0 | D:1      | willcat the Deep Elf Air Elementalist began the quest for
                  | the Orb.
     0 | D:1      | Reached XP level 1. HP: 10/10 MP: 6/6
    95 | D:2      | Reached XP level 2. HP: 14/15 MP: 2/8
   107 | D:2      | Noticed an ogre
   158 | D:2      | Mangled by an ogre

Illustrated notes

Levels and vault maps discovered:
D:1:      amcnicky_arrival_underground_garden, layout_basic
D:2:      layout_loops_ring, basic_altar, chequers_serial_rivers_small_3

Action                   || total
-------------------------++-------
Melee: Spear             ||     5
 Cast: Shock             ||     8
Dodge: Dodged            ||     3

Table legend: (Time is in decaauts)
 A = Elapsed time spent in this place.
 B = Non-inter-level travel time spent in this place.
 C = Inter-level travel time spent in this place.
 D = Time resting spent in this place.
 E = Time spent auto-exploring this place.
 F = Levels seen in this place.
 G = Mean time per level.
                   A        B        C        D        E       F      G
               +--------+--------+--------+--------+--------+-----+--------+
         Total |    159 |    159 |      0 |     36 |      5 |   2 |   79.5 |
       Dungeon |    159 |    159 |      0 |     36 |      5 |   2 |   79.5 |
               +--------+--------+--------+--------+--------+-----+--------+

Top non-repeatable levels by time:
     D:2: 118 daAuts
     D:1: 41 daAuts
